 Dungeon Crawl Stone Soup version 0.30-a0-857-gcaf70739d4 (webtiles) character file.

Game seed: 10196452574223067122

284 demibob the Chopper (level 6, -5/41 HPs)
             Began as a Demonspawn Wanderer on Mar 6, 2023.
             Slain by a gnoll
             ... wielding a +0 flail
              (6 damage)
             ... on level 2 of the Dungeon.
             The game lasted 00:02:34 (1498 turns).

demibob the Chopper (Demonspawn Wanderer)           Turns: 1498, Time: 00:02:35

Health: -5/41      AC:  4    Str: 14    XL:     6   Next: 7%
Magic:  9/9        EV:  7    Int: 12    God:
Gold:   118        SH:  5    Dex: 20    Spells: 8/9 levels left

rFire   . . .      SeeInvis .    a - +1 hand axe
rCold   . . .      Faith    .    b - +0 buckler
rNeg    . . .      Spirit   .    d - +1 leather armour
rPois   .          Reflect  .    (no helmet)
rElec   .          Rampage  .    (no cloak)
rCorr   .                        (no gloves)
Will    .....                    (no boots)
Stlth   +                        (no amulet)
HPRegen 0.26/turn                D - +6 ring of dexterity
MPRegen 0.11/turn                (no ring)

@: about to teleport, constricted
A: ignite blood 1, powered by death 3
a: no special abilities


You were on level 2 of the Dungeon.
You visited 1 branch of the dungeon, and saw 2 of its levels.

You collected 118 gold pieces.


Innate Abilities, Weirdness & Mutations

Your demonic aura sometimes causes spilled blood to erupt in flames.
You regenerate a lot of health from kills.


   Skills:
 + Level 6.2 Axes
 - Level 2.6 Shields
 - Level 2.0 Spellcasting
 - Level 1.7 Ice Magic


You had 8 spell levels left.
You knew the following spells:

 Your Spells              Type           Power      Damage    Failure   Level
f - Freeze                Ice            20%        1d4       22%         1

Your spell library contained the following spells:

 Spells                   Type           Power      Damage    Failure   Level
 Foxfire                  Conj/Fire      4%         2x1d4     41%         1
 Ozocubu's Armour         Ice            5%         N/A       54%         3
 Summon Ice Beast         Ice/Summ       3%         N/A       97%         4
 Fireball                 Conj/Fire      0%         3d3       100%        5
 Starburst                Conj/Fire      0%         6d3       100%        6

Inventory:

Hand Weapons
 a - a +1 hand axe (weapon)
Armour
 b - a +0 buckler (worn)
 d - a +1 leather armour (worn)
 g - a +0 pair of gloves
Jewellery
 C - a ring of ice
 D - a +6 ring of dexterity (left hand)
 M - a ring of magical power
Wands
 c - a wand of flame (8)
Potions
 f - a potion of mutation

Dungeon Overview and Level Annotations

Branches:
Dungeon (2/15)

Altars:

#....[...#
#........# ..#
#........+ ...+
#........#######...#
#..................#
#######............
#.........#
#......S..#
#.....@S..#
#<......g......
##....ggg..####
#.........#
#.........#
#.........#
#.........#
###########


You could see 4 gnolls, an adder and a ball python.


Message History

The gnoll is lightly wounded.
The gnoll hits you with a +0 flail.
* * * LOW HITPOINT WARNING * * *
The gnoll closely misses you.
The gnoll hits you from afar with a +0 halberd.
* * * LOW HITPOINT WARNING * * *
You are too injured to fight recklessly!
You are too injured to fight recklessly!
It was a potion of mutation.
You feel extremely strange.
You feel less in control of your magic.
You regain control of your magic.
The adder bites you.
* * * LOW HITPOINT WARNING * * *
The gnoll closely misses you.
The gnoll hits you from afar with a +0 halberd!
* * * LOW HITPOINT WARNING * * *
The gnoll closely misses you.
As you read the scroll labelled RUIHAO BALOXKI, it crumbles to dust.
It is a scroll of enchant armour.
Your +0 leather armour glows green for a moment.
The adder barely misses you. The adder bites you.
* * * LOW HITPOINT WARNING * * *
The gnoll closely misses you. You block the gnoll's attack.
The gnoll hits you from afar with a +0 spear.
* * * LOW HITPOINT WARNING * * *
You block the gnoll's attack.
As you read the scroll of teleportation {@r2}, it crumbles to dust.
You feel strangely unstable. The adder barely misses you.
The ball python misses you. The ball python grabs you.
The ball python constricts you. The gnoll hits you with a +0 flail.
You die...

Skill      XL: |  1  2  3  4  5 |
---------------+----------------+-----
Axes           | 3 5 6 |  6.2
Shields        | |  2.6
Spellcasting   | |  2.0
Ice Magic      | |  1.7

Action                     |  1- 3 |  4- 6 || total
---------------------------+-------+-------++-------
  Melee: Hand axe          |    80 |    60 ||   140
    Use: Scroll            |     3 |     4 ||     7
         Potion            |     4 |     2 ||     6
   Stab: Sleeping          |       |     1 ||     1
 Armour: Leather armour    |    15 |    13 ||    28
  Dodge: Dodged            |    35 |    38 ||    73
  Block: Buckler           |    15 |    14 ||    29

Levels and vault maps discovered:
D:1:      minmay_arrival_widening_spiral_wide, layout_loops_ring,
          basic_ecumenical_altar, minmay_pentomino_u4
D:2:      layout_basic, minmay_misc_feat_hallway, minmay_box_of_dots,
          uniq_natasha, uniq_sigmund

Notes
Turn   | Place    | Note
-------+----------+-------------------------------------------
     0 | D:1      | demibob the Demonspawn Wanderer began the quest for the
                  | Orb.
     0 | D:1      | demibob set off with the following items: a +0 hand axe, a
                  | +0 buckler, a potion of curing {@q1}, a +0 leather armour;
                  | and the following spell memorised: Freeze; and the
                  | following spells available to memorise: Ozocubu's Armour,
                  | Summon Ice Beast.
     0 | D:1      | Reached XP level 1. HP: 13/13 MP: 3/3
    87 | D:1      | Found a faded altar of an unknown god.
   205 | D:1      | Reached skill level 3 in Axes
   286 | D:1      | Gained mutation: You regenerate a little health from kills.
                  | [demonic ancestry]
   286 | D:1      | Reached XP level 2. HP: 18/19 MP: 5/5
   907 | D:2      | Gained mutation: You regenerate health from kills. [demonic
                  | ancestry]
   907 | D:2      | Reached XP level 3. HP: 19/24 MP: 6/6
   935 | D:2      | Noticed Sigmund
  1061 | D:2      | Killed Sigmund
  1062 | D:2      | Reached skill level 5 in Axes
  1062 | D:2      | Reached XP level 4. HP: 8/30 MP: 7/7
  1062 | D:2      | Gained mutation: You regenerate a lot of health from kills.
                  | [demonic ancestry]
  1062 | D:2      | Reached XP level 5. HP: 9/35 MP: 8/8
  1170 | D:2      | Noticed Natasha
  1185 | D:2      | Killed Natasha
  1294 | D:2      | Noticed Natasha
  1299 | D:2      | Reached skill level 6 in Axes
  1304 | D:2      | Killed Natasha
  1363 | D:2      | Noticed Natasha
  1375 | D:2      | Killed Natasha
  1376 | D:2      | Gained mutation: Your demonic aura sometimes causes spilled
                  | blood to erupt in flames. [demonic ancestry]
  1376 | D:2      | Reached XP level 6. HP: 8/41 MP: 9/9
  1496 | D:2      | Gained mutation: Your spells are a little harder to cast,
                  | but a little more powerful. [potion of mutation]
  1496 | D:2      | Lost mutation: Your spells are a little harder to cast, but
                  | a little more powerful. [potion of mutation]
  1497 | D:2      | HP: 1/41 [gnoll/+0 spear (5)]
  1498 | D:2      | Slain by a gnoll

Vanquished Creatures
  Sigmund (D:2)
  Natasha (thrice) (D:2)
  2 adders (D:2)
  A dart slug (D:1)
  3 endoplasms (D:1)
  3 giant cockroaches
  2 goblins (D:1)
  A hobgoblin (D:1)
  2 kobolds (D:1)
  2 quokkas (D:1)
  7 ball pythons
  2 bats (D:2)
  2 frilled lizards
  2 rats
33 creatures vanquished.

Table legend: (Time is in decaauts)
 A = Elapsed time spent in this place.
 B = Non-inter-level travel time spent in this place.
 C = Inter-level travel time spent in this place.
 D = Time resting spent in this place.
 E = Time spent auto-exploring this place.
 F = Levels seen in this place.
 G = Mean time per level.
                   A        B        C        D        E       F      G
               +--------+--------+--------+--------+--------+-----+--------+
         Total |   1513 |   1476 |     37 |    330 |    819 |   2 |  756.5 |
       Dungeon |   1513 |   1476 |     37 |    330 |    819 |   2 |  756.5 |
               +--------+--------+--------+--------+--------+-----+--------+

Top non-repeatable levels by time:
     D:1: 832 daAuts
     D:2: 680 daAuts

Table legend:
 A = Non-vault XP
 B = Vault XP
 C = Vault XP percentage of total XP
 D = Non-vault monster count
 E = Vault monster count
 F = Vault count percentage of total count
                 A         B        C        D         E       F
            +---------+---------+-------+---------+---------+-------
      Total |     120 |     286 |  70.4 |      26 |       7 |  21.2
            +---------+---------+-------+---------+---------+-------
        D:1 |      25 |       6 |  19.4 |      14 |       3 |  17.6
        D:2 |      95 |     280 |  74.7 |      12 |       4 |  25.0
            +---------+---------+-------+---------+---------+-------
